 Dungeon Crawl Stone Soup version 0.29.1-15-g9cfb28693d (webtiles) character file.

Game seed: 9756939766892597878

150 croobank the Firebug (level 5, -3/37 HPs)
             Began as a Demonspawn Fire Elementalist on Apr 14, 2023.
             Slain by Duvessa
             ... wielding a +0 short sword of holy wrath
              (4 damage)
             ... on level 4 of the Dungeon.
             The game lasted 00:07:30 (2743 turns).

croobank the Firebug (Demonspawn Fire Elementalist) Turns: 2743, Time: 00:07:30

Health: -3/37      AC:  7    Str:  8    XL:     5   Next: 10%
Magic:  4/8        EV: 17    Int: 18    God:
Gold:   138        SH:  0    Dex: 20    Spells: 6/9 levels left

rFire   . . .      SeeInvis .   c - +5 glaive of Tiraipp {flame, Stlth+}
rCold   . . .      Faith    .   (shield currently unavailable)
rNeg    . . .      Spirit   .   k - +2 robe of Usirael {Rampage Fly rCorr}
rPois   .          Reflect  .   v - +0 helmet
rElec   .          Harm     .   n - +0 cloak
rCorr   +          Rampage  +   (no gloves)
Will    .....                   (no boots)
Stlth   +++.......              (no amulet)
HPRegen 0.12/turn               a - ring "Ixucato" {Fly EV+4 Slay+2}
MPRegen 0.11/turn               r - +6 ring of dexterity

@: flying
A: powered by pain 1, spiny 1, sharp scales 1
a: no special abilities


You were on level 4 of the Dungeon.
You visited 1 branch of the dungeon, and saw 4 of its levels.

You collected 138 gold pieces.

Inventory:

Hand Weapons
 c - the +5 glaive of Tiraipp (weapon) {flame, Stlth+}
   (You acquired it on level 2 of the Dungeon)

   It burns those it strikes, dealing additional fire damage.
   Big, fiery blades are also staple armaments of hydra-hunters.
   Stlth:     It makes you more stealthy.
 h - a +0 short sword
 i - a +0 dagger
 u - a +1 dagger of speed
Armour
 k - the +2 robe of Usirael (worn) {Rampage Fly rCorr}
   (You found it on level 2 of the Dungeon)

   Fly:       It grants you flight.
   rCorr:     It protects you from acid and corrosion.
   Rampage:   It bestows one free step when moving towards enemies.
 n - a +0 cloak (worn)
 v - a +0 helmet (worn)
Jewellery
 a - the ring "Ixucato" (left hand) {Fly EV+4 Slay+2}
   (You acquired it on level 2 of the Dungeon)

   [ring of evasion]

   EV:        It affects your evasion (+4).
   Slay:      It affects your accuracy & damage with ranged weapons and melee
   (+2).
   Fly:       It grants you flight.
 r - a +6 ring of dexterity (right hand)
Wands
 d - a wand of digging (6)
Scrolls
 e - a scroll of enchant weapon {unknown}
 p - a scroll of enchant armour {unknown}
 s - 3 scrolls of identify
 t - a scroll of amnesia {unknown}
Potions
 f - a potion of curing
 g - a potion of haste {unknown}
 j - a potion of resistance {unknown}
 l - a potion of mutation {unknown}
 m - a potion of heal wounds {unknown}
 o - a potion of cancellation {unknown}
 q - a potion of degeneration {unknown}


   Skills:
 + Level 1.3 Fighting
 + Level 1.1 Polearms
 + Level 2.5 Dodging
 + Level 2.5 Stealth
 + Level 2.6 Spellcasting
 + Level 2.0 Conjurations
 + Level 3.2 Fire Magic


You had 6 spell levels left.
You knew the following spells:

 Your Spells              Type           Power      Damage    Failure   Level
a - Foxfire               Conj/Fire      44%        2x1d6     6%          1
b - Scorch                Fire           28%        2d6       7%          2

Your spell library contained the following spells:

 Spells                   Type           Power      Damage    Failure   Level
 Conjure Flame            Conj/Fire      11%        6-21      17%         3
 Inner Flame              Hex/Fire       8%         N/A       26%         3
 Flame Wave               Conj/Fire      11%        2d6       50%         4
 Anguish                  Hex/Necr       1%         N/A       86%         4
 Haunt                    Necr/Summ      1%         N/A       100%        7


Dungeon Overview and Level Annotations

Branches:
Dungeon (4/15)
 Temple: D:4-7

Altars:

Shops:
D:3 =

Annotations:
D:4 Duvessa


Innate Abilities, Weirdness & Mutations

You sometimes gain a little power by taking damage.
You are partially covered in sharp spines.
You are partially covered in razor-sharp scales. (AC +1, Slay +1)


Message History

Okay, then.
Okay, then.
What are your orders? t - Shout!
Orders for allies: a - Attack new target. r - Retreat! s - Stop attacking. g - Guard the area. f - Follow me.
Anything else - Cancel.
Gang up on whom?
Press: ? - help, Dir - move target, f - Duvessa
Aim: Duvessa, wielding a +0 short sword of holy wrath and wearing a +0 leather armour (lightly wounded, berserk, ally target)
Okay, then.
Okay, then.
You feel better. Duvessa closely misses you.
Duvessa hits you with a +0 short sword of holy wrath.
You convulse.
Your foxfire dissipates!
Magic courses through your body. Duvessa completely misses you.
Casting: Scorch (safe; 7% risk of failure)
Confirm with . or Enter, or press ? or * to list all spells.
Flames lash Duvessa.
Duvessa is lightly wounded.
Duvessa's fire resistance burns away.
You hear a bark!
A jackal comes into view.
Duvessa hits you with a +0 short sword of holy wrath.
You convulse.
Duvessa hits you with a +0 short sword of holy wrath.
You convulse.
* * * LOW HITPOINT WARNING * * *
The jackal moves out of view.
Casting: Scorch (safe; 7% risk of failure)
Confirm with . or Enter, or press ? or * to list all spells.
Flames lash Duvessa.
Duvessa is burned terribly!
Duvessa is moderately wounded.
Duvessa is struck by your spines.
Duvessa hits you with a +0 short sword of holy wrath!
* * * LOW HITPOINT WARNING * * *
You convulse.
You die...

##### #...##
#..<.##
##....####..
##.........
##@)......
#e..###...
#...## ..
....## .
h....
......#
.##... #...


You could see Duvessa (berserk, combustible) and a jackal.

Vanquished Creatures
  Dowan (D:4)
  Robin (D:3)
  2 adders
  A worm (D:2)
  4 dart slugs
  6 orcs (D:3)
  3 ball pythons
  2 bats
  5 endoplasms
  4 giant cockroaches
  9 goblins
  4 hobgoblins
  3 jackals (D:3)
  3 kobolds
  4 frilled lizards
  A rat (D:3)
53 creatures vanquished.

Vanquished Creatures (others)
  83 foxfires
83 creatures vanquished.

Grand Total: 136 creatures vanquished

Notes
Turn   | Place    | Note
-------+----------+-------------------------------------------
     0 | D:1      | croobank the Demonspawn Fire Elementalist began the quest
                  | for the Orb.
     0 | D:1      | Reached XP level 1. HP: 13/13 MP: 3/3
   329 | D:1      | Gained mutation: You are partially covered in razor-sharp
                  | scales. (AC +1, Slay +1) [demonic ancestry]
   329 | D:1      | Reached XP level 2. HP: 10/19 MP: 3/5
   475 | D:1      | Learned a level 2 spell: Scorch
   733 | D:1      | Found a faded altar of an unknown god.
  1447 | D:2      | Gained mutation: You are partially covered in sharp spines.
                  | [demonic ancestry]
  1447 | D:2      | Reached XP level 3. HP: 25/25 MP: 2/6
  1538 | D:2      | Identified the +2 robe of Usirael {Rampage Fly rCorr}
  1953 | D:2      | Identified 2 scrolls of acquirement
  1953 | D:2      | Acquired the ring "Ixucato" {Fly EV+4 Slay+2}
  1955 | D:2      | Acquired the +5 glaive of Tiraipp {flame, Stlth+}
  1984 | D:3      | Reached skill level 3 in Fire Magic
  2119 | D:3      | Found Tuymaaf's Jewellery Boutique.
  2219 | D:3      | Reached skill level 1 in Fighting
  2341 | D:3      | Gained mutation: You sometimes gain a little power by
                  | taking damage. [demonic ancestry]
  2341 | D:3      | Reached XP level 4. HP: 32/32 MP: 7/7
  2408 | D:3      | Noticed Robin
  2513 | D:3      | Killed Robin
  2572 | D:3      | Got the Atlas of Shadowy Concussion
  2733 | D:4      | Noticed Duvessa
  2733 | D:4      | Noticed Dowan
  2739 | D:4      | Killed Dowan
  2740 | D:4      | Reached skill level 1 in Polearms
  2740 | D:4      | Reached XP level 5. HP: 23/37 MP: 0/8
  2743 | D:4      | HP: 1/37 [Duvessa/+0 short sword of holy wrath (9)]
  2743 | D:4      | Slain by Duvessa

Illustrated notes

Levels and vault maps discovered:
D:1:      heliophobic_arrival_henge, layout_loops_ring,
          chequers_ecumenical_altar_lobes
D:2:      layout_loops_ring, minivault_11
D:3:      layout_basic, serial_shops, shop_statue, kennysheep_generic_room_9,
          uniq_robin
D:4:      layout_layer_cave, grunt_temple_overflow_cloverleaf, uniq_duvessa

Skill      XL: |  1  2  3  4 |
---------------+-------------+-----
Stealth        | 2 |  2.5
Dodging        | 2 |  2.5
Fire Magic     | 3 |  3.2
Fighting       | 1 |  1.3
Polearms       | 1 |  1.1
Conjurations   | 2 |  2.0
Spellcasting   | |  2.6

Action                   |  1- 3 |  4- 6 || total
-------------------------+-------+-------++-------
Melee: Short sword       |    21 |       ||    21
       Unarmed           |     2 |       ||     2
       Glaive            |    14 |    23 ||    37
 Cast: Foxfire           |    37 |    11 ||    48
       Scorch            |     2 |     3 ||     5
  Use: Scroll            |     4 |       ||     4
       Potion            |       |     2 ||     2
 Stab: Sleeping          |     2 |     1 ||     3
Armor: Robe              |    12 |     6 ||    18
Dodge: Dodged            |    37 |    31 ||    68
